 Dungeon Crawl Stone Soup version 0.26-a0-682-g294304f6e8 (webtiles) character file.

Game seed: 1678652842014019846

(classic levelgen) 15 EnegeticOcto the Digger (level 2, 0/17 HPs)
             Began as a Halfling Earth Elementalist on Oct 20, 2020.
             Slain by an orc wizard
             ... wielding a +0 dagger
              (3 damage)
             ... on level 4 of the Dungeon.
             The game lasted 00:01:55 (270 turns).

EnegeticOcto the Digger (HaEE)                       Turns: 270, Time: 00:01:56

Health: 0/17       AC:  2    Str:  9    XL:     2   Next: 65%
Magic:  0/4        EV: 15    Int: 13    God:
Gold:   22         SH:  0    Dex: 14    Spells: 1/4 levels left

rFire    . . .     SeeInvis .   e - +0 club
rCold    . . .     Faith    .   (shield restricted)
rNeg     . . .     Spirit   .   c - +0 robe
rPois    .         Reflect  .   (no helmet)
rElec    .         Harm     .   (no cloak)
rCorr    .         Rampage  .   (no gloves)
MR       .....                  (no boots)
Stlth    ++........             (no amulet)
HPRegen  0.05/turn              (no ring)
MPRegen  0.09/turn              (no ring)

@: no status effects
A: small, mutation resistance 1
a: no special abilities


You were on level 4 of the Dungeon.
You visited 1 branch of the dungeon, and saw 4 of its levels.

You collected 22 gold pieces.

Inventory:

Hand Weapons
 e - a +0 club (weapon)
Missiles
 b - 49 stones (quivered)
Armour
 c - a +0 robe (worn)
Scrolls
 d - a scroll of magic mapping {unknown}
 f - 2 scrolls of random uselessness {unknown}
 g - a scroll of identify {unknown}
Potions
 a - a potion of ambrosia {unknown}


   Skills:
 - Level 2.1 Dodging
 - Level 2.1 Stealth
 - Level 1.5 Spellcasting
 - Level 0.5 Transmutations
 + Level 3.8 Earth Magic


You had one spell level left.
You knew the following spells:

 Your Spells              Type           Power        Failure   Level
a - Sandblast             Erth           ##....       5%          1
p - Passwall              Tmut/Erth      #.......     17%         2

Your spell library contained the following spells:

 Spells                   Type           Power        Failure   Level
 Stone Arrow              Conj/Erth      #.....       36%         3
 Petrify                  Tmut/Erth      #.......     73%         4
 Lee's Rapid Deconstruct  Erth           ##........   83%         5


Dungeon Overview and Level Annotations

Branches:
Dungeon (4/15)
 Temple: D:4-7

Altars:


Innate Abilities, Weirdness & Mutations

You are small and have problems with some larger weapons.
You are somewhat resistant to further mutation.


Message History

Casting: Sandblast (safe; 6% risk of failure)
Confirm with . or Enter, or press ? or * to list all spells.
Aiming: Sandblast (safe; 6% risk of failure)
Press: ? - help, Shift-Dir - straight line, f/p - jackal
Aim: a jackal (severely wounded)
The blast of sand hits the jackal!
You kill the jackal!
b - 54 stones
Casting: Sandblast (safe; 5% risk of failure)
Confirm with . or Enter, or press ? or * to list all spells.
Aiming: Sandblast (safe; 5% risk of failure)
Press: ? - help, Shift-Dir - straight line, f - jackal
Aim: a jackal The blast of sand hits the jackal.
The jackal is lightly wounded.
b - 53 stones The jackal closely misses you. x2
You hit the jackal.
The jackal is moderately wounded.
The jackal closely misses you. The jackal misses you.
You hit the jackal but do no damage.
The jackal is moderately wounded.
The jackal bites you.
* * * LOW HITPOINT WARNING * * *
Casting: Sandblast (safe; 5% risk of failure)
Confirm with . or Enter, or press ? or * to list all spells.
Aiming: Sandblast (safe; 5% risk of failure)
Press: ? - help, Shift-Dir - straight line, f/p - jackal
Aim: a jackal (moderately wounded)
The blast of sand hits the jackal.
The jackal is almost dead.
b - 52 stones The jackal closely misses you.
The jackal barely misses you.
You closely miss the jackal.
The jackal is almost dead.
The jackal bites you.
* * * LOW HITPOINT WARNING * * *
The jackal closely misses you.
You closely miss the jackal.
The jackal is almost dead.
The jackal bites you but does no damage.
You closely miss the jackal.
The jackal is almost dead.
The jackal misses you. The jackal closely misses you.
You closely miss the jackal.
The jackal is almost dead.
The jackal barely misses you. The jackal closely misses you.
You hit the jackal.
You kill the jackal!
You see here a jackal corpse.
Found a scroll labeled WOLASUAWNE.
Found a stone staircase leading down.
f - 2 scrolls labeled WOLASUAWNE (gained 1)
There is a stone staircase leading down here.
There is a stone staircase leading down here.
Okay, then.
Memorise Passwall, consuming 2 spell levels and leaving 1?
You start memorising the spell.
You continue memorising. x2
You finish memorising.
Spell assigned to 'p'.
You climb downwards.
An adder, 3 jackals and 5 orcs come into view.
The jackal barks!
The orc shouts! x2; The jackal barks!
The orc wizard shouts!
The adder hisses angrily.
The jackal barks!
Found a silvery potion.
There is a stone staircase leading up here.
Press: ? - help, v - describe, . - travel
Here: an orc, wielding a -3 whip, wearing a +0 ring mail and quivering 4 boomerangs The floor.
Casting: Sandblast (safe; 5% risk of failure)
Confirm with . or Enter, or press ? or * to list all spells.
Aiming: Sandblast (safe; 5% risk of failure)
Press: ? - help, Shift-Dir - straight line, f - orc wizard
Aim: an orc wizard, wielding a +0 dagger and wearing a +0 robe The blast of sand hits the orc wizard.
The orc wizard is lightly wounded.
b - 51 stones
Casting: Sandblast (safe; 5% risk of failure)
Confirm with . or Enter, or press ? or * to list all spells.
Aiming: Sandblast (safe; 5% risk of failure)
Press: ? - help, Shift-Dir - straight line, f/p - orc wizard
Aim: an orc wizard, wielding a +0 dagger and wearing a +0 robe (lightly wounded)
The blast of sand misses the orc wizard.
b - 50 stones The jackal barely misses you.
The orc throws a boomerang.
The boomerang barely misses you.
The weapon returns to the orc!
The orc wizard hits you but does no damage.
Casting: Sandblast (safe; 5% risk of failure)
Confirm with . or Enter, or press ? or * to list all spells.
Aiming: Sandblast (safe; 5% risk of failure)
Press: ? - help, Shift-Dir - straight line, f/p - orc wizard
Aim: an orc wizard, wielding a +0 dagger and wearing a +0 robe (lightly wounded)
The blast of sand hits the orc wizard!
The orc wizard is severely wounded.
b - 49 stones The jackal bites you but does no damage.
The jackal barely misses you. The jackal bites you.
* * * LOW HITPOINT WARNING * * *
The jackal barely misses you. The orc misses you.
The orc wizard hits you with a +0 dagger.
You die...

.............#
.............#
.........!...#
.........o...#
.......o.....#
......ohS....#
......ooh....#
.......@h....#
...######......
..... .... ...
.. .


You could see an orc priest, an orc wizard, an adder, 3 orcs and 3 jackals.

Vanquished Creatures
  A bat (D:1)
  A giant cockroach (D:1)
  A goblin (D:2)
  A hobgoblin (D:3)
  5 jackals
  A frilled lizard (D:1)
  A kobold (D:2)
  2 rats
13 creatures vanquished.

Notes
Turn   | Place    | Note
-------+----------+-------------------------------------------
     0 | D:1      | EnegeticOcto the Halfling Earth Elementalist began the
                  | quest for the Orb.
     0 | D:1      | Reached XP level 1. HP: 11/11 MP: 3/3
    77 | D:2      | Reached XP level 2. HP: 17/17 MP: 0/4
   266 | D:3      | Learned a level 2 spell: Passwall
   270 | D:4      | Slain by an orc wizard

Illustrated notes

Levels and vault maps discovered:
D:1:      scummos_arrival_checkerplants, layout_basic, kennysheep_another_room,
          minmay_tetromino_o4
D:2:      layout_basic, trog_butcher_becter
D:3:      minmay_angry_zag, layout_loops_ring, elyvilon_altar_3
D:4:      layout_gridville, nicolae_elemental_shop, kennysheep_generic_room_15,
          uniq_sigmund

Action                   || total
-------------------------++-------
Melee: Club              ||    19
       Unarmed           ||     7
 Cast: Sandblast         ||    21
Armor: Robe              ||     7
Dodge: Dodged            ||    58

Table legend: (Time is in decaauts)
 A = Elapsed time spent in this place.
 B = Non-inter-level travel time spent in this place.
 C = Inter-level travel time spent in this place.
 D = Time resting spent in this place.
 E = Time spent auto-exploring this place.
 F = Levels seen in this place.
 G = Mean time per level.
                   A        B        C        D        E       F      G
               +--------+--------+--------+--------+--------+-----+--------+
         Total |    274 |    261 |     13 |      0 |      0 |   4 |   68.5 |
       Dungeon |    274 |    261 |     13 |      0 |      0 |   4 |   68.5 |
               +--------+--------+--------+--------+--------+-----+--------+

Top non-repeatable levels by time:
     D:3: 121 daAuts
     D:2: 81 daAuts
     D:1: 68 daAuts
     D:4: 2 daAuts
